 Dungeon Crawl Stone Soup version 0.28-a0-834-g1a73be5ee4 (webtiles) character file.

Game seed: 17173032443106980719

1042 emperorscorpion the Insei (level 8, -3/64 HPs)
             Began as a Djinni Transmuter on Nov 11, 2021.
             Slain by a gnoll shaman (9 damage)
             ... on level 6 of the Dungeon.
             The game lasted 00:19:11 (5890 turns).

emperorscorpion the Insei (Djinni Transmuter)       Turns: 5890, Time: 00:19:12

Health: -3/64      AC:  6    Str:  9    XL:     8   Next: 49%
Gold:   130        EV: 12    Int: 15    God:
                   SH:  0    Dex: 16

rFire   x . .      SeeInvis .     - Unarmed
rCold   + + +      Faith    .   (shield currently unavailable)
rNeg    . . .      Spirit   .   (armour currently unavailable)
rPois   ∞          Reflect  .   (helmet currently unavailable)
rElec   .          Harm     .   (cloak currently unavailable)
rCorr   +          Rampage  .   (gloves currently unavailable)
Will    .....                   (boots unavailable)
Stlth   ++........              (no amulet)
HPRegen 0.20/turn               m - ring of protection from cold
MPRegen 0.00/turn               g - ring of resist corrosion

@: ice-form, flying
A: freezing attack, flying, boosted hp, sickness immunity, large, (fire
resistance 2), (cold vulnerability 1), float, innate caster, hp casting, extra
vitality 1
a: End Transformation


You were on level 6 of the Dungeon.
You were a creature of crystalline ice.
You visited 1 branch of the dungeon, and saw 6 of its levels.

You collected 250 gold pieces.
You spent 120 gold pieces at shops.

Inventory:

Hand Weapons
 o - the +0 war axe of Miefyad {vorpal, *Corrode rElec Str+7 Dex+2}
   (You found it on level 4 of the Dungeon)

   It inflicts extra damage upon your enemies.
   Str:       It affects your strength (+7).
   Dex:       It affects your dexterity (+2).
   rElec:     It insulates you from electricity.
   *Corrode:  It may corrode you when you take damage.
Missiles
 j - 29 poisoned darts
Armour
 a - a +0 robe (melded)
 e - a +1 cloak (melded)
Jewellery
 g - a ring of resist corrosion (right front paw)
 h - a ring of protection from fire
 m - a ring of protection from cold (left front paw)
Scrolls
 b - 5 scrolls of teleportation
 d - a scroll of identify
 i - 2 scrolls of holy word
 l - 2 scrolls of magic mapping
Potions
 c - a potion of brilliance
 f - a potion of flight {unknown}
 k - 3 potions of curing


   Skills:
 + Level 1.9 Fighting
 + Level 4.8 Dodging
 + Level 1.8 Stealth
 + Level 7.4 Unarmed Combat
 + Level 3.4 Spellcasting


You couldn't memorise any spells.
You knew the following spells:

 Your Spells              Type           Power      Damage    Failure   Level
a - Beastly Appendage     Tmut           26%        N/A       4%          1
b - Wereblood             Tmut           13%        N/A       7%          2
c - Spider Form           Tmut/Pois      13%        N/A       14%         3
d - Ice Form              Ice/Tmut       13%        N/A       41%         4
e - Summon Small Mammal   Summ           52%        N/A       4%          1
f - Passwall              Tmut/Erth      10%        N/A       7%          2
g - Mephitic Cloud        Conj/Pois/Air  13%        N/A       14%         3
Your spell library was empty.

Dungeon Overview and Level Annotations

Branches:
Dungeon (6/15)
 Temple: D:4-7

Altars:
Fedhas
Hepliaklqana
Okawaru
Trog
Xom
The Shining One

Shops:
D:1 ?   D:2 [   D:3 (*:*!

Annotations:
D:4 exclusion: downstairs


Innate Abilities, Weirdness & Mutations

You are a creature of crystalline ice.
You have a powerful freezing melee attack.
You are flying.
Your maximum health is increased.
Your armour is entirely melded.
You are incapable of wielding weapons or throwing items.
You are immune to sickness and miasma.
You are immune to poison.
((Your flesh is very heat resistant. (rF++)))
((You are vulnerable to cold. (rC-)))
You float through the air rather than walking.
You learn spells naturally, not from books.
Your magical power is your life essence.
You have superior vitality. (+4 HP)


Message History

You hit the acid dragon. You freeze the acid dragon.
The acid dragon is almost dead.
The acid dragon closely misses you. x2; The gnoll closely misses you.
The gnoll shaman calls upon its god to speed up the gnoll.
The gnoll seems to speed up.
The gnoll sergeant closely misses you.
You punch the acid dragon! You freeze the acid dragon.
You kill the acid dragon!
The acid dragon scales are intact enough to wear.
The gnoll hits you with a +0 club! The gnoll hits you with a +0 whip.
You hit the gnoll. You freeze the gnoll.
The gnoll is severely wounded.
The gnoll hits you with a +0 whip. The gnoll barely misses you.
The gnoll hits you but does no damage.
You hit the gnoll. You freeze the gnoll.
The gnoll is almost dead.
The gnoll hits you with a +0 club. The gnoll hits you with a +0 whip.
The gnoll shaman hits you but does no damage.
You punch the gnoll! You freeze the gnoll.
You kill the gnoll!
The gnoll hits you with a +0 whip.
* * * LOW HITPOINT WARNING * * *
The gnoll sergeant closely misses you.
You punch the gnoll! You freeze the gnoll.
You kill the gnoll!
The gnoll shaman calls upon its god to speed up the gnoll.
The gnoll seems to speed up.
The gnoll sergeant hits you with a +0 spear.
* * * LOW HITPOINT WARNING * * *
You barely miss the gnoll.
The gnoll shaman calls upon its god to speed up the gnoll sergeant.
The gnoll sergeant seems to speed up.
The gnoll sergeant hits you with a +0 spear!
* * * LOW HITPOINT WARNING * * *
The gnoll hits you with a +0 whip.
* * * LOW HITPOINT WARNING * * *
You feel better. The gnoll sergeant closely misses you.
The gnoll hits you with a +0 whip!
* * * LOW HITPOINT WARNING * * *
The gnoll shaman hits you with a +0 club!
You die...

#.. #.. #...
#.g
###'########
#.....##...##
#.....#.....#
+..8..'.))g.#
#.....#.gY..#
#.....##g..##
###
#.....######
#.#
#..........#
#.#
#####.###.##
##.## #.# #.#
##...## #.#
#.# #.#.#.##
#.# #.#
.##.##.## #.#
#.#


You could see a gnoll sergeant (fast, confused), a gnoll shaman and a gnoll
(fast).

Vanquished Creatures
  A steam dragon (D:4)
  An acid dragon (D:6)
  An ogre (D:4)
  An ice beast (D:6)
  2 necrophages (D:4)
  2 scorpions
  2 jellies
  A hound (D:4)
  A bullfrog skeleton (D:4)
  An orc wizard (D:4)
  A hound skeleton (D:4)
  4 adders
  2 gnolls (D:6)
  2 adder skeletons (D:4)
  3 worms
  9 dart slugs
  10 orcs
  8 bats
  4 endoplasms
  A giant cockroach (D:2)
  5 goblins
  10 hobgoblins
  12 jackals
  A quokka (D:1)
  5 ball pythons
  2 frilled lizards (D:1)
  4 kobolds
  6 rats
102 creatures vanquished.

Vanquished Creatures (others)
  A wizard (D:4)
1 creature vanquished.

Grand Total: 103 creatures vanquished

Notes
Turn   | Place    | Note
-------+----------+-------------------------------------------
     0 | D:1      | emperorscorpion the Djinni Transmuter began the quest for
                  | the Orb.
     0 | D:1      | Reached XP level 1. HP: 17/17 MP: 0/0
   374 | D:1      | Reached XP level 2. HP: 20/22 MP: 0/0
   657 | D:1      | Found a faded altar of an unknown god.
   813 | D:1      | Found Sydazeju's Magic Scroll Emporium.
   847 | D:1      | Reached XP level 3. HP: 23/27 MP: 0/0
   847 | D:1      | Learned a level 1 spell: Summon Small Mammal
  1817 | D:2      | Found Lufraz's Antique Armour Shoppe.
  1963 | D:2      | Reached XP level 4. HP: 11/32 MP: 0/0
  2287 | D:2      | You are sucked into a shaft and drop 1 floor!
  2342 | D:3      | Found Enejyk's Book Emporium.
  2519 | D:3      | Found Kisuot's Distillery.
  2527 | D:3      | Bought a potion of heal wounds for 55 gold pieces
  2561 | D:3      | Reached skill level 4 in Unarmed Combat
  2799 | D:2      | Reached XP level 5. HP: 35/37 MP: 0/0
  2799 | D:2      | Learned a level 2 spell: Passwall
  3136 | D:3      | Found Uwkimaxt's Weapon Shop.
  3212 | D:3      | Found Seazotam's General Store.
  3235 | D:3      | Bought a potion of curing for 30 gold pieces
  3235 | D:3      | Bought a scroll of magic mapping for 35 gold pieces
  3446 | D:3      | Found Ecikoqiw's General Store.
  3662 | D:4      | Noticed a necrophage
  3674 | D:4      | Killed a necrophage
  3675 | D:4      | Reached XP level 6. HP: 42/42 MP: 0/0
  3749 | D:4      | Reached skill level 5 in Unarmed Combat
  3791 | D:4      | Found a blossoming altar of Fedhas.
  3792 | D:4      | Found an iron altar of Okawaru.
  3794 | D:4      | Found a glowing golden altar of the Shining One.
  3827 | D:4      | Reached skill level 1 in Stealth
  4257 | D:4      | Noticed an ogre
  4271 | D:4      | Killed an ogre
  4272 | D:4      | Reached XP level 7. HP: 42/47 MP: 0/0
  4272 | D:4      | Learned a level 3 spell: Mephitic Cloud
  4311 | D:4      | Reached skill level 6 in Unarmed Combat
  4592 | D:4      | Noticed a steam dragon
  4690 | D:4      | Killed a steam dragon
  4691 | D:4      | Reached XP level 8. HP: 37/53 MP: 0/0
  4814 | D:4      | Identified the +0 war axe of Miefyad {vorpal, *Corrode
                  | rElec Str+7 Dex+2}
  5047 | D:4      | Found a bloodstained altar of Trog.
  5048 | D:4      | Noticed a wizard
  5053 | D:4      | Killed a wizard
  5104 | D:4      | Found a hazy altar of Hepliaklqana.
  5105 | D:4      | Found a shimmering altar of Xom.
  5106 | D:4      | Noticed a spectral ugly thing
  5313 | D:5      | Entered Level 5 of the Dungeon
  5652 | D:6      | Reached skill level 7 in Unarmed Combat
  5889 | D:6      | HP: 2/64 [gnoll (4)]
  5890 | D:6      | Slain by a gnoll shaman

Illustrated notes

Levels and vault maps discovered:
D:1:      dpeg_arrival_orchard, layout_loops_corners, serial_shops,
          shop_fountains, hellmonk_ecumenical_altar_lost_god, roderic_lattice_a
D:2:      layout_rooms, serial_shops, shop, minmay_tromino_v7
D:3:      layout_loops_ring, serial_shops, nicolae_diamond_shop,
          nicolae_shop_waterfront, nicolae_shop_trees, nicolae_shop_stone,
          nicolae_square_shop, grunt_decor_arrowhead
D:4:      layout_loops_cross, regret_index_temple_of_mockery, trog_wizard,
          gammafunk_temple_overflow_forgotten
D:5:      layout_basic, nicolae_gozag_cash_rules_everything_around_me,
          mainiacjoe_overflow_big_doors, minmay_ruined_shrine, uniq_ijyb
D:6:      lemuel_slime, layout_loops_ring, serial_shops, nicolae_diamond_shop,
          minmay_three_doors

Skill      XL: |  1  2  3  4  5  6  7  8 |
---------------+-------------------------+-----
Spellcasting   | 2 3 |  3.4
Dodging        | 3 4 |  4.8
Unarmed Combat | 4 5 6 7 |  7.4
Stealth        | 1 |  1.8
Fighting       | |  1.9

Action                   |  1- 3 |  4- 6 |  7- 9 || total
-------------------------+-------+-------+-------++-------
Melee: Unarmed           |   118 |   137 |    94 ||   349
       Headbutt          |    15 |       |       ||    15
       Punch             |       |       |     2 ||     2
 Cast: Beastly Appendage |    20 |       |     1 ||    21
       Spider Form       |     1 |    14 |    11 ||    26
       Wereblood         |     1 |       |       ||     1
       Summon Small Mamm |       |     5 |       ||     5
       Ice Form          |       |       |     2 ||     2
       Mephitic Cloud    |       |       |     1 ||     1
  Use: Scroll            |     4 |     3 |     1 ||     8
       Potion            |       |     1 |     2 ||     3
 Stab: Sleeping          |       |     3 |       ||     3
       Confused          |       |       |     1 ||     1
Armor: Robe              |    28 |    15 |     6 ||    49
       Skin              |       |     7 |     7 ||    14
Dodge: Dodged            |    69 |    98 |    63 ||   230

Table legend: (Time is in decaauts)
 A = Elapsed time spent in this place.
 B = Non-inter-level travel time spent in this place.
 C = Inter-level travel time spent in this place.
 D = Time resting spent in this place.
 E = Time spent auto-exploring this place.
 F = Levels seen in this place.
 G = Mean time per level.
                   A        B        C        D        E       F      G
               +--------+--------+--------+--------+--------+-----+--------+
         Total |   5858 |   5511 |    347 |    176 |   4420 |   6 |  976.3 |
       Dungeon |   5858 |   5511 |    347 |    176 |   4420 |   6 |  976.3 |
               +--------+--------+--------+--------+--------+-----+--------+

Top non-repeatable levels by time:
     D:1: 1877 daAuts
     D:4: 1820 daAuts
     D:3: 940 daAuts
     D:2: 822 daAuts
     D:6: 328 daAuts
     D:5: 69 daAuts
